Map: Simulacro EE

Players

rufiox

  • Race: Terran Terran
  • League: Platinum
  • Spawn Location: 5:00

MrFercho - Winner!

  • Race: Zerg Zerg
  • League: Silver
  • Spawn Location: 11:00

VOD

Have the link to the VOD?

Description

Time

  • Played on: May 29, 2020, 9:39 p.m.
  • Length: 23:52
Show
View Real Time Build Order
Export as new Build Order

rufiox Terran 

Build Orders:  

Get SALT Encoding   

Show
View Real Time Build Order
Export as new Build Order

MrFercho Zerg - Winner!

Build Orders: Hatch First 

Get SALT Encoding   

  12  0:08  Drone x2  
  14  0:25  Extractor  
  14  0:27  Drone  
  14  0:30  Extractor, Drone  
  16  1:13  Overlord  
  16  1:14  Overlord  
  16  1:15  Overlord  
  16  1:57  Extractor  
  16  1:58  Hatchery  
  16  1:59  Drone x3  
  16  2:00  Extractor  
  16  2:07  Spawning Pool  
  15  2:12  Drone  
  16  2:20  Drone  
  17  2:33  Hatchery, Drone  
  17  2:43  Drone  
  18  3:01  Queen  
  20  3:10  Metabolic Boost  
  20  3:16  Evolution Chamber  
  20  3:18  Drone x4  
  23  3:23  Drone  
  24  3:30  Queen  
  26  3:37  Lair  
  26  3:39  Extractor  
  25  3:43  Extractor  
  25  3:46  Drone  
  25  3:47  Drone  
  26  3:52  Drone x2  
  26  3:53  Drone  
  29  4:01  Drone  
  30  4:09  Spine Crawler  
  29  4:19  Drone  
  29  4:20  Drone  
  31  4:25  Drone x4  
  35  5:07  Spire  
  34  5:19  Drone  
  34  5:20  Drone  
  36  5:21  Drone  
  36  5:22  Drone x5  
  36  5:28  Pneumatized Carapace  
  42  5:33  Infestation Pit  
  42  5:35  Zerg Ground Armor Level 1  
  41  5:38  Zergling x2  
  41  5:39  Zergling x6  
  45  5:54  Drone x2  
  47  6:04  Drone x2  
  47  6:05  Drone  
  50  6:18  Overlord x3  
  50  6:19  Overlord  
  50  6:22  Zerg Flyer Weapons Level 1  
  50  6:26  Overseer  
  50  6:27  Overseer  
  50  6:36  Queen  
  50  6:38  Mutalisk x6  
  64  6:44  Drone  
  64  6:45  Drone x2  
  67  7:21  Mutalisk x6  
  79  7:42  Zergling x2  
  79  7:43  Zergling x4  
  82  7:46  Overlord x4  
  82  7:47  Overlord  
  82  8:11  Mutalisk x2  
  82  8:12  Mutalisk x4  
  94  8:17  Zerg Flyer Armor Level 1  
  94  8:38  Zergling x18  
  103  9:50  Overseer x3  
  103  10:51  Overlord x2  
  103  10:52  Overlord x3  
  103  10:55  Mutalisk x7  
  117  11:41  Overseer x3  
  117  13:49  Corruptor  
  117  13:50  Corruptor x8  
  135  16:00  Mutalisk  
  135  16:01  Mutalisk x8  
  153  22:35  Pathogen Glands  
  153  23:20  Hatchery  
  153  23:25  Hatchery  
  151  23:31  Hatchery  
  150  23:35  Hatchery  
  150  23:36  Hatchery  
  150  23:39  Hatchery  
Tags
 
Matchup
TvZ
Replay Pack
MrFercho
Spawn Locations
Cross Positions
Add a new tag
Caveats
  • Supply blocks, unpowered buildings, or Contaminate may cause inaccurate times.
  • Supply counts are checked every 10 seconds.